 Dungeon Crawl Stone Soup version 0.28.0-45-g0d030f2227 (webtiles) character file.

Game seed: 1022102000394207952

5 NinjaNoafa the Caller (level 1, 0/13 HPs)
             Began as a Merfolk Summoner on Apr 15, 2022.
             Slain by a quokka (2 damage)
             ... on level 1 of the Dungeon.
             The game lasted 00:00:46 (274 turns).

NinjaNoafa the Caller (Merfolk Summoner)             Turns: 274, Time: 00:00:46

Health: 0/13       AC:  2    Str:  8    XL:     1   Next: 80%
Magic:  1/1        EV: 13    Int: 14    God:
Gold:   9          SH:  0    Dex: 14    Spells: 3/4 levels left

rFire   . . .      SeeInvis .   b - +2 short sword (antimagic)
rCold   . . .      Faith    .   (no shield)
rNeg    . . .      Spirit   .   a - +0 robe
rPois   .          Reflect  .   (no helmet)
rElec   .          Harm     .   (no cloak)
rCorr   .          Rampage  .   (no gloves)
Will    .....                   (no boots)
Stlth   ++........              (no amulet)
HPRegen 0.04/turn               (no ring)
MPRegen 0.07/turn               (no ring)

@: no status effects
A: (nimble swimmer 2), mertail
a: no special abilities


You were on level 1 of the Dungeon.
You visited 1 branch of the dungeon, and saw 1 of its levels.

You collected 9 gold pieces.

Inventory:

Hand Weapons
 b - a +2 antimagic short sword (weapon)
Armour
 a - a +0 robe (worn)
Scrolls
 c - a scroll of fog {unknown}
Potions
 d - a potion of cancellation {unknown}


   Skills:
 + Level 0.1 Fighting
 + Level 0.1 Short Blades
 + Level 2.9 Dodging
 + Level 2.3 Stealth
 - Level 2.0 Spellcasting
 - Level 4.0 Summonings


You had 3 spell levels left.
You knew the following spells:

 Your Spells              Type           Power      Damage    Failure   Level
a - Summon Small Mammal   Summ           48%        N/A       4%          1

Your spell library contained the following spells:

 Spells                   Type           Power      Damage    Failure   Level
 Call Imp                 Summ           12%        N/A       7%          2
 Call Canine Familiar     Summ           12%        N/A       14%         3
 Summon Guardian Golem    Hex/Summ       7%         N/A       30%         3
 Summon Lightning Spire   Summ/Air       7%         N/A       71%         4


Dungeon Overview and Level Annotations

Branches:
Dungeon (1/15)

Altars:


Innate Abilities, Weirdness & Mutations

((You are very nimble when in or above water. (Stealth+, EV+, Speed+++)))
Your lower body shifts to a powerful aquatic tail in water.


Message History

The endoplasm freezes you.
You are frozen.
You completely miss the endoplasm. The endoplasm barely misses you.
Your quokka bites the endoplasm.
Casting: Summon Small Mammal (safe; 4% risk of failure)
Confirm with . or Enter, or press ? or * to list all spells.
The endoplasm hits you.
Your quokka bites the endoplasm.
The endoplasm dies!
Magic restored.
Your quokka disappears in a puff of smoke!
Your quokka disappears in a puff of smoke!
HP restored.
c - a scroll labelled WEPUOMATHRY
d - a brown potion A goblin comes into view.
It is wielding a +0 dagger.
Okay, then.
The helpless goblin fails to defend itself.
You hit the goblin.
You kill the goblin!
Things that are here:
a +0 dagger; a goblin corpse You open the door.
A quokka comes into view.
Unknown command.
A quokka comes into view.
Found a runed bronze ring and a scroll labelled OFUNLEGADAR.
There is an open door here.
The quokka bites you.
You hit the quokka.
The quokka is almost dead.
The quokka bites you but does no damage.
You hit the quokka.
You kill the quokka!
You see here a quokka corpse.
The quokka bites you.
You hit the quokka but do no damage. The quokka bites you.
You closely miss the quokka. The quokka bites you.
* * * LOW HITPOINT WARNING * * *
The quokka bites you.
You die...

....... .#.....
....... .......
##+#.......
#..........
#...r?...#
#.†@=....#
##'#############
###.#### #.....#
+......# #.....#
###.##.# #.....#
#.##.# #.....#
#.##.####.....#
#)##..........#
#.##..........#


You could see a quokka.

Vanquished Creatures
  A goblin (D:1)
  A quokka (D:1)
2 creatures vanquished.

Vanquished Creatures (collateral kills)
  An endoplasm (D:1)
  A ball python (D:1)
  A kobold (D:1)
3 creatures vanquished.

Grand Total: 5 creatures vanquished

Notes
Turn   | Place    | Note
-------+----------+-------------------------------------------
     0 | D:1      | NinjaNoafa the Merfolk Summoner began the quest for the
                  | Orb.
     0 | D:1      | Reached XP level 1. HP: 13/13 MP: 3/3
   274 | D:1      | Slain by a quokka

Illustrated notes

Levels and vault maps discovered:
D:1:      nicolae_arrival_washed_ashore, layout_basic,
          ebering_ecumenical_altar_sacrificial, serial_shops,
          nicolae_shop_temple_entry_statues_fountains

Action                   || total
-------------------------++-------
Melee: Short sword       ||     6
 Cast: Summon Small Mamm ||     3
 Stab: Sleeping          ||     1
Armor: Robe              ||     2
Dodge: Dodged            ||     1
